 Dungeon Crawl Stone Soup version 0.28-a0-1506-g3893175d92 (webtiles) character file.

Game seed: 6187124633288172553

589 pokeman the Magician (level 7, -1/38 HPs)
             Began as a Deep Elf Hedge Wizard on Jan 12, 2022.
             Killed from afar by a raiju (11 damage)
             ... with a living lightning
             ... on level 1 of the Abyss on Jan 13, 2022.
             The game lasted 00:13:12 (4253 turns).

pokeman the Magician (Deep Elf Hedge Wizard)        Turns: 4253, Time: 00:13:13

Health: -1/38      AC:  4    Str:  7    XL:     7   Next: 15%
Magic:  18/20      EV: 12    Int: 21    God:
Gold:   139        SH:  0    Dex: 14    Spells: 10/21 levels left

rFire   . . .      SeeInvis .   s - +1 club (spect)
rCold   . . .      Faith    .   (no shield)
rNeg    . . .      Spirit   .   o - +0 leather armour
rPois   .          Reflect  .   c - +0 hat
rElec   .          Harm     .   n - +0 cloak
rCorr   .          Rampage  .   (no gloves)
Will    .....                   (no boots)
Stlth   ++........              (no amulet)
HPRegen 0.12/turn               (no ring)
MPRegen 0.17/turn               (no ring)

@: no status effects
A: no striking features
a: no special abilities


You were on level 1 of the Abyss.
You visited 1 branch of the dungeon, and saw 4 of its levels.
You visited the Abyss 1 time.

You collected 139 gold pieces.

Inventory:

Hand Weapons
 l - a +0 hand crossbow
 m - a +3 quarterstaff of chaos
 s - a +1 spectral club (weapon)
Missiles
 a - 29 arrows
 d - 50 bolts
Armour
 b - a +0 robe
 c - a +0 hat (worn)
 n - a +0 cloak (worn)
 o - a +0 leather armour (worn)
Jewellery
 u - an amulet of faith
Wands
 r - a wand of digging (5)
Scrolls
 g - 3 scrolls of identify
 h - 3 scrolls of immolation
 i - a scroll of fog
 k - a scroll of torment
Potions
 e - 2 potions of heal wounds {unknown}
 j - a potion of attraction {unknown}
 p - 2 potions of cancellation {unknown}
 t - a potion of flight {unknown}


   Skills:
 - Level 1.0 Fighting
 - Level 1.0 Armour
 - Level 3.0 Dodging
 - Level 3.1 Stealth
 * Level 7.7 Spellcasting
 + Level 3.8 Conjurations
 - Level 1.1 Summonings
 - Level 1.1 Translocations
 - Level 1.3 Fire Magic
 - Level 1.2 Air Magic
 + Level 1.9 Poison Magic
 + Level 1.9 Evocations


You had 10 spell levels left.
You knew the following spells:

 Your Spells              Type           Power      Damage    Failure   Level
a - Magic Dart            Conj           96%        1d7       2%          1
b - Mephitic Cloud        Conj/Pois/Air  17%        N/A       14%         3
c - Call Imp              Summ           12%        N/A       12%         2
d - Blink                 Tloc           24%        N/A       12%         2
e - Conjure Flame         Conj/Fire      19%        6-21      12%         3

Your spell library contained the following spells:

 Spells                   Type           Power      Damage    Failure   Level
 Slow                     Hex            32%        N/A       12%         1
 Gell's Gravitas          Tloc           12%        N/A       22%         3
 Teleport Other           Tloc           12%        N/A       22%         3
 Passage of Golubria      Tloc           12%        N/A       58%         4
 Silence                  Hex/Air        5%         N/A       95%         5
 Dispersal                Tloc           6%         N/A       100%        6
 Lehudib's Crystal Spear  Conj/Erth      8%         10d3      100%        8


Dungeon Overview and Level Annotations

Branches:
Dungeon (4/15)
 Temple: D:4-7

Altars:
Dithmenos
Xom
The Shining One


Message History

The stinking cloud engulfs you but does no damage.
The sixfirhy is engulfed in noxious fumes.
The sixfirhy appears confused.
The sixfirhy misses you.
The sixfirhy is engulfed in noxious fumes. x3
Unknown command.
Unknown command.
You feel stable enough to blink again.
A shadow comes into view.
The shadow hits you.
Blink to where?
Press: ? - help, Dir - move target, p - sixfirhy
As you read the scroll labelled ZUACOPTOT, it crumbles to dust.
It was a scroll of blinking.
A raiju comes into view.
The raiju barks!
The raiju bursts into living lightning!
The living lightning hits you!
The raiju blinks!
As you read the scroll labelled CUNGOS SUINGOA, it crumbles to dust.
It is a scroll of identify.
h - 3 scrolls of immolation The raiju bites you.
The raiju shocks you!
Casting: Mephitic Cloud (quite dangerous; 14% risk of failure)
Confirm with . or Enter, or press ? or * to list all spells.
You blink.
Unknown command.
As you read the scroll labelled YMAUSO SIAC, it crumbles to dust.
The scroll dissolves into smoke.
It was a scroll of fog.
As you read the scroll labelled DIGIUMU AMIGGA, it crumbles to dust.
Your body is wracked with pain!
* * * LOW HITPOINT WARNING * * *
The raiju convulses!
The raiju barks!
The raiju convulses!
It was a scroll of torment.
You feel stable enough to blink again.
As you read the scroll labelled FAEPTI TOTA, it crumbles to dust.
You hear a loud clanging noise!
It was a scroll of noise.
The raiju closely misses you.
The raiju bursts into living lightning!
The living lightning hits you!
You die...

. ### ####
#.# §§# .#
.####§###
... .§§§§hh#
#...W§§§§#.#
#..###§###@#
..#. ## #.#
#..#.#.# #.#
#. .#.# ###
.. # ##.
..## .. ## .
# . # .# .#
.


You could see 2 raiju.

Vanquished Creatures
  Grinder (D:4)
  A hornet zombie (D:4)
  A scorpion (D:4)
  A bullfrog (D:3)
  Crazy Yiuf (D:2)
  An iguana (D:4)
  Ijyb (D:4)
  A howler monkey zombie (D:3)
  4 adders
  A worm (D:2)
  A dart slug (D:1)
  2 orcs
  3 ball pythons
  10 endoplasms
  4 giant cockroaches
  7 goblins
  2 hobgoblins (D:2)
  8 jackals
  4 quokkas
  6 bats
  4 frilled lizards
  2 kobolds
  5 rats
71 creatures vanquished.

Notes
Turn   | Place    | Note
-------+----------+-------------------------------------------
     0 | D:1      | pokeman the Deep Elf Hedge Wizard began the quest for the
                  | Orb.
     0 | D:1      | Reached XP level 1. HP: 10/10 MP: 7/7
   380 | D:1      | Reached XP level 2. HP: 16/16 MP: 5/9
   809 | D:1      | Reached skill level 5 in Spellcasting
   971 | D:1      | Reached XP level 3. HP: 18/20 MP: 5/11
  1132 | D:1      | Learned a level 3 spell: Mephitic Cloud
  1135 | D:1      | Learned a level 2 spell: Call Imp
  1138 | D:1      | Learned a level 2 spell: Blink
  1142 | D:1      | Learned a level 3 spell: Conjure Flame
  1403 | D:2      | Found a glowing golden altar of the Shining One.
  1573 | D:2      | Reached skill level 1 in Fighting
  1573 | D:2      | Reached skill level 1 in Armour
  1813 | D:2      | Found a runed translucent door.
  1814 | D:2      | Noticed Crazy Yiuf
  2384 | D:2      | Killed Crazy Yiuf
  2385 | D:2      | Reached XP level 4. HP: 25/25 MP: 2/13
  2517 | D:3      | Noticed a bullfrog
  2526 | D:3      | Killed a bullfrog
  2527 | D:3      | Reached skill level 6 in Spellcasting
  2527 | D:3      | Reached skill level 1 in Fire Magic
  2527 | D:3      | Reached XP level 5. HP: 27/29 MP: 7/15
  3241 | D:3      | Found a faded altar of an unknown god.
  3410 | D:4      | Found a shimmering altar of Xom.
  3410 | D:4      | Noticed Ijyb
  3449 | D:4      | Killed Ijyb
  3602 | D:4      | Found a shadowy altar of Dithmenos.
  3629 | D:4      | Reached skill level 1 in Air Magic
  3629 | D:4      | Reached XP level 6. HP: 34/34 MP: 7/17
  3745 | D:4      | Reached skill level 7 in Spellcasting
  3802 | D:4      | Noticed Grinder
  3818 | D:4      | Paralysed by Grinder for 6 turns
  3844 | D:4      | Killed Grinder
  3845 | D:4      | Reached skill level 1 in Poison Magic
  3845 | D:4      | Reached skill level 1 in Evocations
  3845 | D:4      | Reached XP level 7. HP: 23/38 MP: 1/20
  3996 | D:4      | Upgraded the game from 0.28-a0-1493-g08698888e4 to
                  | 0.28-a0-1506-g3893175d92
  4174 | D:4      | Cast into level 1 of the Abyss (orc wizard)
  4177 | Abyss:1  | Found a corrupted altar of Lugonu.
  4197 | Abyss:1  | Found a corrupted altar of Lugonu.
  4221 | Abyss:1  | Noticed a sixfirhy
  4227 | Abyss:1  | Noticed a shadow
  4243 | Abyss:1  | Noticed a raiju
  4250 | Abyss:1  | Noticed a raiju
  4253 | Abyss:1  | Killed from afar by a raiju

Illustrated notes

Levels and vault maps discovered:
D:1:      co_arrival_random_square_maze, layout_rooms, hangedman_decor_growths
D:2:      layout_basic, basic_altar, serial_corexii_hall,
          corexii_hall_statues_t, corexii_hall_statues_l, grunt_ministairs_15,
          uniq_crazy_yiuf_cottage
D:3:      layout_rooms, dreamdust_ecumenical_altar_sealed_demon
D:4:      layout_basic, mainiacjoe_overflow_concentric_impassable,
          kennysheep_mini_moat, uniq_ijyb, uniq_grinder, uniq_edmund
Abyss:1:  base: D:4, minivault_11

Skill      XL: |  1  2  3  4  5  6 |
---------------+-------------------+-----
Spellcasting   | 5 6 7 |  7.7
Fighting       | 1 |  1.0
Armour         | 1 |  1.0
Conjurations   | 2 3 |  3.8
Dodging        | 3 |  3.0
Fire Magic     | 1 |  1.3
Stealth        | 3 |  3.1
Air Magic      | 1 |  1.2
Poison Magic   | 1 |  1.9
Evocations     | 1 |  1.9
Summonings     | |  1.1
Translocations | |  1.1

Action                   |  1- 3 |  4- 6 |  7- 9 || total
-------------------------+-------+-------+-------++-------
Melee: Dagger            |    23 |       |       ||    23
       Quarterstaff      |       |    24 |       ||    24
       Club              |       |     4 |     1 ||     5
       Punch             |       |     1 |       ||     1
 Cast: Magic Dart        |   112 |    56 |    27 ||   195
       Mephitic Cloud    |     1 |     2 |     3 ||     6
       Conjure Flame     |     1 |     4 |     1 ||     6
       Call Imp          |     1 |     1 |       ||     2
       Blink             |       |       |     2 ||     2
  Use: Scroll            |       |       |     5 ||     5
 Stab: Confused          |     2 |     2 |       ||     4
       Sleeping          |       |     1 |       ||     1
Armor: Robe              |     5 |     6 |       ||    11
       Leather armour    |       |     4 |     1 ||     5
Dodge: Dodged            |    28 |    19 |     4 ||    51

Table legend: (Time is in decaauts)
 A = Elapsed time spent in this place.
 B = Non-inter-level travel time spent in this place.
 C = Inter-level travel time spent in this place.
 D = Time resting spent in this place.
 E = Time spent auto-exploring this place.
 F = Levels seen in this place.
 G = Mean time per level.
                   A        B        C        D        E       F      G
               +--------+--------+--------+--------+--------+-----+--------+
         Total |   4261 |   4234 |     27 |      6 |   3589 |   5 |  852.2 |
       Dungeon |   4182 |   4155 |     27 |      6 |   3589 |   4 | 1045.5 |
         Abyss |     78 |     78 |      0 |      0 |      0 |   1 |   78.0 |
               +--------+--------+--------+--------+--------+-----+--------+

Top non-repeatable levels by time:
     D:2: 1345 daAuts
     D:1: 1148 daAuts
     D:3: 900 daAuts
     D:4: 789 daAuts
 Abyss:1: 78 daAuts
